 Dungeon Crawl Stone Soup version 0.28.0-49-g6dfe1f597d (webtiles) character file.

Game seed: 15315727135494662326

21 Spectrina the Ducker (level 2, 0/27 HPs)
             Began as a Deep Elf Monk on May 14, 2022.
             Succumbed to an adder's poison
             ... on level 3 of the Dungeon on May 15, 2022.
             The game lasted 00:04:54 (541 turns).

Spectrina the Ducker (Deep Elf Monk)                 Turns: 541, Time: 00:04:55

Health: 0/27       AC:  2    Str:  8    XL:     2   Next: 65%
Magic:  4/4        EV: 13    Int: 14    God:
Gold:   0          SH:  0    Dex: 17    Spells: 1/1 levels left

rFire   . . .      SeeInvis .   a - +0 spear
rCold   . . .      Faith    .   (no shield)
rNeg    . . .      Spirit   .   b - +0 robe
rPois   .          Reflect  .   (no helmet)
rElec   .          Harm     .   (no cloak)
rCorr   .          Rampage  .   (no gloves)
Will    .....                   (no boots)
Stlth   ..........              (no amulet)
HPRegen 0.09/turn               (no ring)
MPRegen 0.09/turn               (no ring)

@: berserking, lethally poisoned (0 -> -2), very quick
A: no striking features
a: no special abilities


You were on level 3 of the Dungeon.
You visited 1 branch of the dungeon, and saw 3 of its levels.

Inventory:

Hand Weapons
 a - a +0 spear (weapon)
 d - a +0 hunting sling
Missiles
 c - 48 stones (quivered)
Armour
 b - a +0 robe (worn)
Potions
 e - a potion of berserk rage


   Skills:
 - Level 2.4 Fighting
 + Level 3.0 Polearms
 - Level 3.6 Dodging
 - Level 2.4 Stealth


You had one spell level left.
You didn't know any spells.
Your spell library contained the following spells:

 Spells                   Type           Power      Damage    Failure   Level
 Slow                     Hex            0%         N/A       28%         1
 Confusing Touch          Hex            0%         N/A       65%         3
 Vampiric Draining        Necr           0%         2d6       65%         3


Dungeon Overview and Level Annotations

Branches:
Dungeon (3/15)

Altars:

Annotations:
D:3 Ijyb


Message History

You kill the ball python!
An adder comes into view.
The adder hisses angrily.
Reach: a) +0 spear
Press: ? - help, Dir - move target, f - adder
Aim: an adder (about 52% to evade your +0 spear)
You reach to attack!
You closely miss the adder. You closely miss the adder. The adder bites you.
You are poisoned.
The adder poisons you!
You hit the adder.
The adder is moderately wounded.
You feel sick. The adder bites you but does no damage.
You hit the adder.
The adder is severely wounded.
You feel sick. The adder misses you. The adder bites you.
You are more poisoned.
The adder poisons you!
You hit the adder.
The adder is almost dead.
You feel sick. The adder bites you.
You barely miss the adder.
The adder is almost dead.
* * * LOW HITPOINT WARNING * * *
You feel sick. The adder bites you.
* * * LOW HITPOINT WARNING * * *
You barely miss the adder.
The adder is almost dead.
* * * LOW HITPOINT WARNING * * *
You feel sick. The adder closely misses you.
It was a potion of berserk rage.
A red film seems to cover your vision as you go berserk!
You feel yourself moving faster!
You feel mighty!
You feel sick. The adder bites you.
* * * LOW HITPOINT WARNING * * *
The adder misses you.
Unknown command.
You puncture the adder!
You kill the adder!
You die...

#.# ..# #.##
###..# ....#
... .. #.#
.... #@#
.....#.#######
.##.........#
...S.....###.#
#.#######.#
#.# #.# #.#
#.# #.# #.#
#<# #.# #.#


There were no monsters in sight!

Vanquished Creatures
  An adder (D:3)
  2 ball pythons
  2 bats (D:2)
  A giant cockroach (D:1)
  3 goblins (D:2)
  2 hobgoblins
  4 jackals
  2 kobolds
  2 rats
19 creatures vanquished.

Notes
Turn   | Place    | Note
-------+----------+-------------------------------------------
     0 | D:1      | Spectrina the Deep Elf Monk began the quest for the Orb.
     0 | D:1      | Reached XP level 1. HP: 13/13 MP: 3/3
   212 | D:1      | Reached XP level 2. HP: 6/18 MP: 4/4
   244 | D:3      | Noticed Ijyb
   540 | D:3      | HP: 1/27 [adder (3)]
   541 | D:3      | Succumbed to an adder's poison

Illustrated notes

Levels and vault maps discovered:
D:1:      dpeg_arrival_rhombus, layout_loops_corners,
          ebering_ecumenical_altar_hall
D:2:      layout_loops_corners
D:3:      layout_loops_ring, amcnicky_mini_corridor_feature,
          nrook_mini_backslash, uniq_ijyb

Skill      XL: |  1  2 |
---------------+-------+-----
Polearms       | 3 |  3.0
Fighting       | |  2.4
Dodging        | |  3.6
Stealth        | |  2.4

Action                   || total
-------------------------++-------
Melee: Spear             ||    75
       Punch             ||     2
  Use: Potion            ||     1
 Stab: Sleeping          ||     4
Armor: Robe              ||    12
Dodge: Dodged            ||    45
